 Dungeon Crawl Stone Soup version 0.30.0-10-gfe55d96785 (webtiles) character file.

Game seed: 17847836753786893784

239347 AarnesTheHuman the Warrior (level 19, -5/183 HPs)
             Began as a Hill Orc Fighter on May 12, 2023.
             Was a High Priest of Okawaru.
             Slain by the 27-headed Lernaean hydra (6 damage)
             ... on level 4 of the Swamp on May 15, 2023.
             The game lasted 01:33:33 (42993 turns).

AarnesTheHuman the Warrior (Hill Orc Fighter)      Turns: 42993, Time: 01:33:34

Health: -5/183     AC: 34    Str: 27    XL:     19   Next: 74%
Magic:  40/40      EV:  6    Int: 11    God:    Okawaru [*****.]
Gold:   890        SH: 16    Dex:  7    Spells: 18/18 levels left

rFire   + . .        b - +7 broad axe (vamp)
rCold   + . .        e - +0 tower shield
rNeg    + + +        o - +2 gold dragon scales
rPois   +            y - +0 helmet
rElec   .            V - +1 cloak
rCorr   .            n - +3 pair of gloves of an ossuary {rN+++ MP+9 Int+3 Dex-3}
SInv    .            u - +1 pair of boots {Fly}
Will    +++..        (no amulet) Stlth
                     h - ring of willpower
HPRegen 0.50/turn    N - ring of Ucsuqabb {Will+ Stlth+}
MPRegen 0.27/turn

%: no passive effects
@: flying
A: no striking features
}: 1/15 runes: serpentine
a: Renounce Religion, Heroism, Finesse, Duel


You were on level 4 of the Swamp.
You worshipped Okawaru.
Okawaru was extremely pleased with you.
You visited 6 branches of the dungeon, and saw 31 of its levels.
You also visited: Ice Cave.

You collected 4627 gold pieces.
You spent 3737 gold pieces at shops.

Inventory:

Hand Weapons
 a - the +6 broad axe "Haekap" {venom, Dex+4}
   (Okawaru gifted it to you on level 4 of the Lair of Beasts)

   Dex:       It affects your dexterity (+4).
 b - a +7 vampiric broad axe (weapon)
 l - a +2 heavy broad axe
 t - the +4 dagger "Yvew" {flame, rCorr}
   (You found it on level 2 of the Dungeon)

   rCorr:     It protects you from acid and corrosion.
Missiles
 r - 30 poisoned darts
 F - 29 boomerangs (quivered)
 O - 3 javelins
Armour
 e - a +0 tower shield (worn)
 n - the +3 pair of gloves of an ossuary (worn) {rN+++ MP+9 Int+3 Dex-3}
   (You found it on level 1 of the Snake Pit)

   Int:       It affects your intelligence (+3).
   Dex:       It affects your dexterity (-3).
   rN:        It renders you almost immune to negative energy.
   MP:        It affects your magic capacity (+9).
 o - +2 gold dragon scales (worn)
 u - a +1 pair of boots of flying (worn)
 y - a +0 helmet (worn)
 V - a +1 cloak (worn)
Jewellery
 h - a ring of willpower (left hand)
 i - a ring of fire
 k - a ring of see invisible
 v - a ring of protection from cold
 D - a ring of ice
 N - the ring of Ucsuqabb (right hand) {Will+ Stlth+}
   (You bought it in a shop on level 12 of the Dungeon)

   [ring of willpower]

   Will:      It increases your willpower.
   Stlth:     It makes you more stealthy.
 Q - a +5 ring of evasion
 R - the ring "Iwkinaz" {Ice rPois Int+3 Slay+2}
   (You bought it in a shop on level 4 of the Snake Pit)

   [ring of ice]

   It enhances your ice magic.
   Int:       It affects your intelligence (+3).
   Slay:      It affects your accuracy & damage with ranged weapons and melee
   (+2).
   rF:        It makes you vulnerable to fire.
   rC:        It protects you from cold.
   rPois:     It protects you from poison.
Wands
 w - a wand of digging (30)
 z - a wand of acid (22)
 B - a wand of flame (6)
 E - a wand of polymorph (15)
 K - a wand of iceblast (17)
Scrolls
 g - 7 scrolls of poison
 p - 2 scrolls of blinking
 q - 2 scrolls of immolation
 s - 4 scrolls of vulnerability
 I - 3 scrolls of fog
 M - 4 scrolls of teleportation
 T - a scroll of silence
 U - 2 scrolls of amnesia
 X - 5 scrolls of fear
 Y - 4 scrolls of magic mapping
Potions
 c - 4 potions of ambrosia
 d - 3 potions of might
 f - 3 potions of resistance
 j - 22 potions of curing
 m - 5 potions of flight
 x - 2 potions of lignification
 A - 3 potions of attraction
 C - 4 potions of brilliance
 G - 13 potions of heal wounds
 H - 6 potions of cancellation
 L - 5 potions of haste
 P - 2 potions of invisibility
 S - 6 potions of berserk rage
Miscellaneous
 J - a condenser vane (inert)


   Skills:
 + Level 19.3 Fighting
 - Level 18.0 Axes
 + Level 12.3 Throwing
 + Level 16.3 Armour
 - Level 7.0 Dodging
 + Level 14.4 Shields
 + Level 17.5 Invocations
 - Level 4.6 Evocations


You had 18 spell levels left.
You didn't know any spells.
Your spell library contained the following spells:

 Spells                   Type           Power      Damage    Failure   Level
 Beastly Appendage        Tmut           0%         N/A       100%        1
 Shock                    Conj/Air       0%         1d3       100%        1
 Slow                     Hex            0%         N/A       100%        1
 Blink                    Tloc           0%         N/A       100%        2
 Lesser Beckoning         Tloc           0%         N/A       100%        2
 Momentum Strike          Conj/Tloc      0%         3d8       100%        2
 Poisonous Vapours        Pois/Air       0%         N/A       100%        2
 Wereblood                Tmut           0%         N/A       100%        2
 Confusing Touch          Hex            0%         N/A       100%        3
 Gell's Gravitas          Tloc           0%         N/A       100%        3
 Mephitic Cloud           Conj/Pois/Air  0%         N/A       100%        3
 Spider Form              Tmut/Pois      0%         N/A       100%        3
 Swiftness                Air            0%         N/A       100%        3
 Teleport Other           Tloc           0%         N/A       100%        3
 Vampiric Draining        Necr           0%         2d6       100%        3
 Airstrike                Air            0%         2d(0-16)  100%        4
 Manifold Assault         Tloc           0%         N/A       100%        4
 Alistair's Intoxication  Tmut/Pois      0%         N/A       100%        5
 Blade Hands              Tmut           0%         N/A       100%        5
 Borgnjor's Vile Clutch   Necr/Erth      0%         N/A       100%        5
 Freezing Cloud           Conj/Ice/Air   0%         6-21      100%        5
 Irradiate                Conj/Tmut      0%         3d11      100%        5
 Iskenderun's Battlesphe  Conj           0%         2d6       100%        5
 Dispersal                Tloc           0%         N/A       100%        6
 Eringya's Noxious Bog    Tmut/Pois      0%         N/A       100%        6
 Iron Shot                Conj/Erth      0%         9d1       100%        6
 Dragon Form              Tmut           0%         N/A       100%        7
 Orb of Destruction       Conj           0%         9d5       100%        7
 Storm Form               Tmut/Air       0%         N/A       100%        7
 Summon Guardian Golem    Hex/Summ       Unusable   N/A       N/A         3
 Spellforged Servitor     Conj/Summ      Unusable   N/A       N/A         7

Dungeon Overview and Level Annotations

Branches:
Dungeon (15/15)            Temple (1/1) D:4            Lair (5/5) D:9
  Swamp (4/4) Lair:3        Snake (4/4) Lair:3        Slime (0/5) Lair:4
    Orc (2/2) D:9             Elf (0/3) Orc:2        Vaults (0/5) D:13
 Depths (0/4) D:15          IceCv (visited)

Altars:
Ashenzari
Cheibriados
Dithmenos
Elyvilon
Fedhas
Gozag
Hepliaklqana
Kikubaaqudgha
Makhleb
Nemelex Xobeh
Okawaru
Qazlal
Ru
Sif Muna
Trog
Uskayaw
Vehumet
Wu Jian
Xom
Yredelemnul
Zin
The Shining One
Beogh
Jiyva

Shops:
D:7 *   D:12 =:[(=   Orc:1 :   Orc:2 ?[([   Snake:1 **   Snake:2 ?=*
Snake:4 *

Annotations:
D:5 1 runed translucent door, Crazy Yiuf
D:9 3 runed translucent doors, exclusion: door
D:13 exclusion: downstairs
Lair:1 exclusion: downstairs
Lair:2 exclusion: 3 downstairs
Lair:3 exclusion: downstairs
Lair:4 exclusion: 3 downstairs
Swamp:2 exclusion: downstairs
Swamp:4 Lernaean hydra
Snake:1 exclusion: 2 downstairs
Snake:2 3 runed translucent doors, exclusion: 3 doors, Gygal Fez's ghost, adept MiFi; IndexError's ghost, adept GnHu; ohados's ghost, adept BaHu; vinnietd's ghost, adept HaFi
Snake:3 2 transporters, exclusions: downstairs and obsidian statue


Message History

The 27-headed Lernaean hydra bites you!
The 27-headed Lernaean hydra bites you but does no damage. x3
The 27-headed Lernaean hydra bites you.
The 27-headed Lernaean hydra bites you but does no damage.
You block the 27-headed Lernaean hydra's attack.
The 27-headed Lernaean hydra bites you!
* * * LOW HITPOINT WARNING * * *
The 27-headed Lernaean hydra bites you but does no damage.
The 27-headed Lernaean hydra bites you!
* * * LOW HITPOINT WARNING * * *
The 27-headed Lernaean hydra bites you but does no damage.
You block the 27-headed Lernaean hydra's attack.
The 27-headed Lernaean hydra bites you but does no damage.
The 27-headed Lernaean hydra bites you.
* * * LOW HITPOINT WARNING * * *
The 27-headed Lernaean hydra bites you but does no damage. x3
You block the 27-headed Lernaean hydra's attack.
The 27-headed Lernaean hydra closely misses you.
The 27-headed Lernaean hydra bites you but does no damage.
The 27-headed Lernaean hydra bites you.
* * * LOW HITPOINT WARNING * * *
The 27-headed Lernaean hydra bites you but does no damage. x2
The 27-headed Lernaean hydra bites you.
* * * LOW HITPOINT WARNING * * *
The 27-headed Lernaean hydra bites you but does no damage.
The 27-headed Lernaean hydra bites you.
* * * LOW HITPOINT WARNING * * *
You block the 27-headed Lernaean hydra's attack.
The 27-headed Lernaean hydra bites you!
* * * LOW HITPOINT WARNING * * *
You block the 27-headed Lernaean hydra's attack.
The 27-headed Lernaean hydra bites you!
* * * LOW HITPOINT WARNING * * *
The 27-headed Lernaean hydra bites you but does no damage.
The 27-headed Lernaean hydra closely misses you.
The 27-headed Lernaean hydra bites you but does no damage. x2
The 27-headed Lernaean hydra bites you.
* * * LOW HITPOINT WARNING * * *
The 27-headed Lernaean hydra bites you.
You die...

~.~~~.♣ ♣♣♣♣♣~.~.<~~~...♣♣
...~~§♣ ♣♣~..§♣♣♣♣♣~~♣ ~~...~♣♣
♣♣♣♣...~♣♣ ♣♣♣♣ ~~~.~~~♣
♣.~♣.....♣ ~~~~~.♣♣♣♣♣~~♣...~♣♣
~.....♣~~~~§..~~...♣
.~.~♣~.~~.♣♣♣♣~...♣♣ §~♣♣~~♣...♣
♣...~♣♣ ~~.♣♣~♣♣~~♣
♣...@~♣##♣♣##♣♣# ~~~~....~.♣
♣♣~.D#~#~..§.... ..♣~~~~†..♣
♣♣≈~~#~#≈~.§#~≈ ♣♣.~~~~..~♣♣♣
♣♣D#~#.≈≈≈#.≈~ ♣♣.~~....♣.~♣
##~#.#.≈≈≈#~# ##
.....~♣♣~.)(♣♣♣#~#.#.≈≈≈#≈~# ..#~
~~....~~~~~~~.♣#~~≈JJ.~≈.#~##.#~≈
.......~§~~~~.♣#~≈D≈≈~D≈##≈~.#.≈~
§♣♣.~..§~~~~~.♣#~°≈≈≈≈≈.##~≈≈≈≈~~


You could see the 27-headed Lernaean hydra, 2 swamp dragons and a large slime
creature.

Vanquished Creatures
  Vashnia (Snake:2)
  Kirke (Lair:4)
  5 nagarajas
  Aizul (Snake:3)
  2 ghouls
  3 reapers (IceCv)
  2 very ugly things (Swamp:4)
  4 eleionomae
  5 bunyips
  A green death (Swamp:4)
  An entropy weaver (shapeshifter) (D:15)
  2 vault guards (D:13)
  14 hydras
  A great orb of eyes (Swamp:4)
  2 salamander tyrants (Snake:4)
  3 caustic shrike simulacra (IceCv)
  An ogre mage (D:15)
  2 catoblepae
  3 centaur warriors
  9 anacondas
  3 alligators
  13 naga warriors
  7 two-headed ogres
  12 death yaks
  A tengu warrior (D:13)
  13 naga sharpshooters
  5 shock serpents
  4 salamander mystics
  Lodul (D:12)
  3 deep trolls (D:15)
  A large abomination (Swamp:4)
  2 skysharks
  7 skeletal warriors
  9 goliath frogs
  A spriggan druid (Swamp:1)
  12 bog bodies
  9 swamp dragons
  A wizard (D:15)
  2 obsidian statues (IceCv)
  A necromancer (D:15)
  11 orc knights
  6 naga ritualists
  2 deep elf pyromancers
  6 mana vipers
  An orc sorcerer (Orc:1)
  3 cyclopes
  4 manticores
  A wolf spider (D:15)
  12 ugly things
  5 will-o-the-wisps
  9 salamanders
  4 elephants (Lair:3)
  Maurice (Orc:2)
  29 black mambas
  A water nymph (shapeshifter) (D:15)
  3 guardian serpents
  2 ice statues (D:14)
  A gargoyle (D:12)
  22 naga magi
  An unseen horror (D:10)
  3 kobold demonologists (D:11)
  7 komodo dragons
  14 cane toads
  2 rime drakes
  An efreet (D:15)
  Maggie (D:10)
  A tengu conjurer (D:13)
  5 freezing wraiths (IceCv)
  3 meliai (D:13)
  5 trolls
  Grinder (D:6)
  21 hornets
  5 polar bears
  2 bloated husks (Swamp:2)
  Prince Ribbit (D:5)
  9 tyrant leeches
  A dream sheep (shapeshifter) (D:14)
  13 dream sheep
  29 blink frogs
  30 spriggans
  7 wyverns
  16 slime creatures
  8 wraiths
  5 shadows
  4 basilisks
  13 humans
  2 water elementals (D:14)
  2 steam dragons
  57 yaks
  2 minotaur simulacra (IceCv)
  10 vampire mosquitoes
  2 acid dragons
  40 nagas
  11 swamp worms
  9 wargs
  22 water moccasins
  3 hydra simulacra (IceCv)
  An ice beast (D:8)
  A sky beast (D:6)
  35 orc warriors
  7 black bears
  4 ettin simulacra (IceCv)
  An alligator simulacrum (IceCv)
  13 ogres
  26 wolves
  4 boggarts (Lair:5)
  9 centaurs
  4 phantoms
  3 kobold brigands
  2 gnoll sergeants (D:9)
  13 bullfrogs
  2 necrophages
  A deep troll simulacrum (IceCv)
  3 scorpions
  4 wights (D:8)
  2 hornet simulacra (D:8)
  A lindwurm simulacrum (IceCv)
  12 killer bees
  8 howler monkeys
  5 electric eels
  A jelly (D:7)
  4 hounds
  12 orc priests
  Terence (D:2)
  3 sleepcaps
  Natasha (thrice) (D:2)
  5 iguanas
  22 orc wizards
  A centaur simulacrum (D:8)
  A killer bee simulacrum (D:8)
  9 gnolls
  4 adders
  6 white imps (D:8)
  A howler monkey simulacrum (D:8)
  An ufetubus (D:8)
  2 dart slugs (D:4)
  101 orcs
  9 ball pythons
  4 bats
  3 endoplasms (D:2)
  3 giant cockroaches
  10 goblins
  4 hobgoblins
  2 jackals (D:2)
  3 quokkas
  2 frilled lizards (D:3)
  12 kobolds
  6 rats
  A butterfly (Lair:3)
1058 creatures vanquished.

Vanquished Creatures (others)
  2 bloated husks (Swamp:3)
  A vampire (D:12)
  2 humans (D:13)
  A naga (Snake:3)
  A howler monkey (D:8)
  A white imp (D:8)
  20 foxfires
28 creatures vanquished.

Grand Total: 1086 creatures vanquished

Notes
Turn   | Place    | Note
-------+----------+-------------------------------------------
     0 | D:1      | AarnesTheHuman the Hill Orc Fighter began the quest for the
                  | Orb.
     0 | D:1      | Reached XP level 1. HP: 19/19 MP: 1/1
   133 | D:1      | Reached XP level 2. HP: 27/27 MP: 2/2
   218 | D:1      | You fall into a shaft and drop 1 floor!
   800 | D:2      | Reached skill level 4 in Fighting
   903 | D:2      | Reached XP level 3. HP: 33/33 MP: 3/3
  1030 | D:2      | Identified the +4 dagger "Yvew" {flame, rCorr}
  1171 | D:2      | Noticed Terence
  1189 | D:2      | Killed Terence
  1190 | D:2      | Reached XP level 4. HP: 6/41 MP: 4/4
  1385 | D:2      | Noticed Natasha
  1390 | D:2      | Killed Natasha
  1471 | D:2      | Noticed Natasha
  1478 | D:2      | Killed Natasha
  1479 | D:2      | Reached XP level 5. HP: 47/47 MP: 5/5
  1679 | D:2      | Noticed Natasha
  1683 | D:2      | Killed Natasha
  1779 | D:3      | Found a blossoming altar of Fedhas.
  2303 | D:3      | Found a broken altar of Ashenzari.
  2304 | D:3      | Found a hazy altar of Hepliaklqana.
  2520 | D:4      | Reached skill level 5 in Fighting
  2520 | D:4      | Reached XP level 6. HP: 50/56 MP: 6/6
  2661 | D:4      | Found a staircase to the Ecumenical Temple.
  2675 | Temple   | Entered the Ecumenical Temple
  2761 | Temple   | Became a worshipper of Warmaster Okawaru
  2828 | D:4      | Found a white marble altar of Elyvilon.
  2862 | D:4      | Found a shadowy altar of Dithmenos.
  2970 | D:4      | Reached skill level 5 in Axes
  3059 | D:4      | Reached skill level 5 in Shields
  3059 | D:4      | Reached skill level 1 in Invocations
  3067 | D:4      | Noticed a wyvern
  3077 | D:4      | Killed a wyvern
  3078 | D:4      | Reached skill level 5 in Armour
  3078 | D:4      | Reached XP level 7. HP: 47/62 MP: 6/8
  3140 | D:4      | Reached * piety under Okawaru
  3582 | D:5      | Entered Level 5 of the Dungeon
  3694 | D:5      | Noticed Prince Ribbit
  3723 | D:5      | Killed Prince Ribbit
  3724 | D:5      | Reached skill level 6 in Fighting
  3724 | D:5      | Reached XP level 8. HP: 50/70 MP: 8/10
  3909 | D:5      | Found a bloodstained altar of Trog.
  4298 | D:5      | Found a runed translucent door.
  4299 | D:5      | Noticed Crazy Yiuf
  4592 | D:6      | Reached ** piety under Okawaru
  4593 | D:6      | Reached skill level 7 in Fighting
  4593 | D:6      | Reached skill level 5 in Invocations
  4683 | D:6      | Noticed Grinder
  4687 | D:6      | Paralysed by Grinder for 4 turns
  4697 | D:6      | Killed Grinder
  4698 | D:6      | Reached XP level 9. HP: 79/79 MP: 11/13
  4711 | D:6      | Found a snail-covered altar of Cheibriados.
  5096 | D:7      | Found Maloc's Assorted Antiques.
  5114 | D:7      | Bought 2 potions of heal wounds for 270 gold pieces
  5360 | D:7      | Reached skill level 8 in Fighting
  5455 | D:7      | Reached *** piety under Okawaru
  5967 | D:8      | Noticed a death yak
  5982 | D:8      | Killed a death yak
  5983 | D:8      | Reached skill level 9 in Fighting
  5983 | D:8      | Reached XP level 10. HP: 57/91 MP: 15/17
  6143 | D:8      | Reached **** piety under Okawaru
  6329 | D:8      | Reached skill level 10 in Invocations
  6331 | D:8      | Reached skill level 10 in Fighting
  6447 | D:8      | HP: 1/93 [electric eel/bolt of electricity (4)]
  7023 | D:8      | Reached skill level 1 in Dodging
  8151 | D:8      | Reached ***** piety under Okawaru
  8469 | D:9      | Found a staircase to the Orcish Mines.
  8490 | D:9      | Found a runed translucent door.
  8581 | D:9      | Noticed a two-headed ogre
  8588 | D:9      | Killed a two-headed ogre
  8589 | D:9      | Reached skill level 10 in Armour
  8589 | D:9      | Reached XP level 11. HP: 71/101 MP: 17/19
  8918 | D:9      | Reached skill level 10 in Axes
  8942 | D:9      | Identified the +5 rapier of the Hills {venom, rC++}
                  | (Okawaru gifted it to you on level 9 of the Dungeon)
  8942 | D:9      | Received a gift from Okawaru
  9153 | D:9      | Noticed a centaur warrior
  9154 | D:9      | Noticed a manticore
  9156 | D:9      | Noticed a two-headed ogre
  9292 | D:9      | Reached skill level 11 in Fighting
  9648 | D:9      | Found a staircase to the Lair.
  9771 | D:9      | Killed a centaur warrior
 10102 | D:9      | Found a runed translucent door.
 10105 | D:9      | Found a runed translucent door.
 10178 | D:9      | Killed a manticore
 10357 | D:9      | Killed a two-headed ogre
 10358 | D:9      | Reached skill level 12 in Fighting
 10595 | D:10     | Entered Level 10 of the Dungeon
 10617 | D:10     | Noticed Maggie
 10634 | D:10     | Killed Maggie
 10761 | D:10     | Identified the +0 hat of the Playwright {Fly Str+2 Int-2}
                  | (Okawaru gifted it to you on level 10 of the Dungeon)
 10761 | D:10     | Received a gift from Okawaru
 10764 | D:10     | Reached XP level 12. HP: 106/112 MP: 20/20
 10884 | D:10     | Reached ****** piety under Okawaru
 11265 | D:10     | Noticed a two-headed ogre
 11282 | D:9      | Killed a two-headed ogre
 13087 | D:12     | Noticed Lodul
 13383 | Lair:1   | Entered Level 1 of the Lair of Beasts
 13707 | Lair:1   | Reached skill level 13 in Fighting
 13719 | Lair:1   | Reached skill level 1 in Evocations
 14035 | Lair:1   | Received a gift from Okawaru
 14254 | Lair:1   | Reached XP level 13. HP: 116/122 MP: 22/22
 15473 | Lair:2   | Reached skill level 14 in Fighting
 16182 | Lair:3   | You fall into a shaft and drop 1 floor!
 16212 | Lair:4   | Identified the +6 broad axe "Haekap" {venom, Dex+4}
                  | (Okawaru gifted it to you on level 4 of the Lair of Beasts)
 16212 | Lair:4   | Received a gift from Okawaru
 17030 | Lair:2   | Identified the +0 kite shield "Aprer" {rC- MP+9 Str+3
                  | Dex+2} (Okawaru gifted it to you on level 2 of the Lair of
                  | Beasts)
 17030 | Lair:2   | Received a gift from Okawaru
 18398 | Lair:3   | Found a staircase to the Snake Pit.
 19050 | Lair:3   | Found a staircase to the Swamp.
 19084 | Lair:3   | Reached XP level 14. HP: 126/133 MP: 24/24
 20082 | Lair:4   | Reached skill level 10 in Shields
 20183 | Lair:4   | Found a staircase to the Slime Pits.
 20187 | Lair:4   | Found a viscous altar of Jiyva.
 20455 | Lair:5   | Entered Level 5 of the Lair of Beasts
 20878 | Lair:5   | Received a gift from Okawaru
 21088 | Lair:5   | Noticed Kirke
 21294 | D:12     | Killed Lodul
 22011 | D:12     | Found Ysouts's Antique Armour Shop.
 22089 | D:12     | Found Daeruscho's Jewellery Shoppe.
 22143 | D:12     | Found Faat's Book Boutique.
 22302 | D:12     | Found Bof Vehu's Jewellery Shop.
 22350 | D:12     | Reached skill level 15 in Axes
 22393 | D:12     | Found Lughil's Weapon Emporium.
 22930 | D:12     | Bought the ring of Ucsuqabb {Will+ Stlth+} for 522 gold
                  | pieces
 22931 | D:12     | Bought a ring of willpower for 375 gold pieces
 23285 | Lair:4   | Noticed a sphinx
 23285 | Lair:4   | Killed Kirke
 23286 | Lair:4   | Reached skill level 15 in Fighting
 23339 | Lair:5   | Received a gift from Okawaru
 23575 | Lair:5   | Reached XP level 15. HP: 136/143 MP: 22/25
 23585 | Lair:5   | Reached skill level 16 in Fighting
 23701 | Lair:5   | Reached skill level 15 in Armour
 23983 | Lair:5   | Reached skill level 5 in Dodging
 24015 | Lair:5   | Received a gift from Okawaru
 24770 | D:12     | Bought a ring of see invisible for 165 gold pieces
 24880 | Orc:1    | Entered Level 1 of the Orcish Mines
 24880 | Orc:1    | Found Heaplioq's Book Emporium.
 25326 | Orc:1    | Found a roughly hewn altar of Beogh.
 25376 | Orc:2    | Entered Level 2 of the Orcish Mines
 25623 | Orc:2    | Reached skill level 15 in Invocations
 25850 | Orc:2    | Found a staircase to the Elven Halls.
 25850 | Orc:2    | Found a gate leading to a gauntlet.
 25948 | Orc:2    | Received a gift from Okawaru
 26021 | Orc:2    | Noticed Maurice
 26055 | Orc:2    | Killed Maurice
 26091 | Orc:2    | Found a roughly hewn altar of Beogh.
 26210 | Orc:2    | Found Geixec's Magic Scroll Shop.
 26210 | Orc:2    | Found Jiroll's Antique Armour Shoppe.
 26595 | Orc:2    | Found Puafonox's Antique Armour Shoppe.
 26595 | Orc:2    | Found Gurchaymn's Antique Weapon Shop.
 26609 | Orc:2    | Upgraded the game from 0.30.0-5-g1a98f26d00 to
                  | 0.30.0-10-gfe55d96785
 26660 | Orc:2    | Bought a scroll of enchant weapon for 82 gold pieces
 26661 | Orc:2    | Identified a scroll of acquirement
 26661 | Orc:2    | Acquired 1166 gold pieces
 26694 | Orc:2    | Bought runed gold dragon scales for 2075 gold pieces
 27218 | D:13     | Identified the +1 plate armour "Kifonuq" {Rampage Str+5}
 27356 | D:13     | Found a gate to the Vaults.
 27912 | D:14     | Found a frozen archway.
 27940 | IceCv    | Entered an ice cave
 28583 | IceCv    | Reached XP level 16. HP: 148/152 MP: 27/27
 29730 | D:15     | Entered Level 15 of the Dungeon
 29952 | D:15     | Reached skill level 17 in Fighting
 30000 | D:15     | Found a staircase to the Depths.
 31042 | Snake:1  | Entered Level 1 of the Snake Pit
 31068 | Snake:1  | Received a gift from Okawaru
 31338 | Snake:1  | Reached skill level 1 in Throwing
 31520 | Snake:1  | Received a gift from Okawaru
 31593 | Snake:1  | Identified the +3 pair of gloves of an ossuary {rN+++ MP+9
                  | Int+3 Dex-3}
 31788 | Snake:1  | Found Wurchat's Assorted Antiques.
 31843 | Snake:1  | Found Sackod's General Store.
 32291 | Snake:2  | Noticed Vashnia
 32655 | Snake:1  | Reached skill level 18 in Fighting
 32918 | Snake:2  | Received a gift from Okawaru
 32919 | Snake:2  | Killed Vashnia
 32920 | Snake:2  | Reached XP level 17. HP: 144/163 MP: 29/29
 33000 | Snake:2  | Found a runed translucent gate.
 33000 | Snake:2  | Found a runed translucent gate.
 33000 | Snake:2  | Found a runed translucent gate.
 33001 | Snake:2  | Noticed IndexError's ghost (adept GnHu)
 33001 | Snake:2  | Noticed IndexError's ghost (adept GnHu)
 33001 | Snake:2  | Noticed vinnietd's ghost (adept HaFi)
 33002 | Snake:2  | Noticed Gygal Fez's ghost (adept MiFi)
 33005 | Snake:2  | Noticed ohados's ghost (adept BaHu)
 33022 | Snake:2  | Found Koutwuw's Magic Scroll Shoppe.
 33025 | Snake:2  | Found Unee's Jewellery Emporium.
 33027 | Snake:2  | Found Jisi Susevy's Assorted Antiques.
 33042 | Snake:2  | Identified the +8 broad axe of Courage {holy, Contam *Noise
                  | Int+7} (Okawaru gifted it to you on level 2 of the Snake
                  | Pit)
 33042 | Snake:2  | Received a gift from Okawaru
 33071 | Snake:2  | Reached skill level 5 in Throwing
 34198 | Snake:3  | Found a transporter.
 34351 | Snake:3  | Noticed Aizul
 34379 | Snake:3  | Killed Aizul
 34747 | Snake:3  | Found a transporter.
 35317 | Snake:3  | Reached XP level 18. HP: 172/172 MP: 30/30
 35325 | Snake:4  | Entered Level 4 of the Snake Pit
 35737 | Snake:4  | Reached skill level 10 in Throwing
 35836 | Snake:4  | Received a gift from Okawaru
 36058 | Snake:4  | Found Yqep's Assorted Antiques.
 36062 | Snake:4  | Bought a steaming bone ring for 125 gold pieces
 36062 | Snake:4  | Identified the ring "Iwkinaz" {Ice rPois Int+3 Slay+2} (You
                  | bought it in a shop on level 4 of the Snake Pit)
 36184 | Snake:4  | Found a sacrificial altar of Ru.
 38254 | Snake:4  | Received a gift from Okawaru
 38404 | Snake:4  | Got a serpentine rune of Zot
 38704 | Snake:1  | Bought a scroll of brand weapon for 123 gold pieces
 38789 | Swamp:1  | Entered Level 1 of the Swamp
 38801 | Lair:3   | Received a gift from Okawaru
 38897 | Swamp:1  | Reached XP level 19. HP: 146/179 MP: 31/31
 39574 | Swamp:1  | Identified the +0 pair of boots "Mazaem" {Int+2} (Okawaru
                  | gifted it to you on level 1 of the Swamp)
 39574 | Swamp:1  | Received a gift from Okawaru
 41545 | Swamp:3  | Reached skill level 19 in Fighting
 41784 | Swamp:4  | Entered Level 4 of the Swamp
 42978 | Swamp:4  | Noticed the 27-headed Lernaean hydra
 42993 | Swamp:4  | HP: 7/183 [the 27-headed Lernaean hydra (9)]
 42993 | Swamp:4  | HP: 1/183 [the 27-headed Lernaean hydra (6)]
 42993 | Swamp:4  | Slain by the 27-headed Lernaean hydra

Illustrated notes

Levels and vault maps discovered:
D:1:      wander_arrival_lonely_grave, layout_basic, hex_large
D:2:      layout_loops_ring, uniq_natasha, uniq_terence
D:3:      layout_basic, fedhas_ov_isle_minmay, gammafunk_temple_overflow_pools
D:4:      layout_basic, grunt_dithmenos_smoke, amcnicky_altar_gilded,
          minmay_temple_entry_mist, minmay_manual_macuahuitl
D:5:      layout_rooms, nicolae_overflow_hidden_temple, uniq_prince_ribbit1,
          uniq_crazy_yiuf_cottage
D:6:      layout_gridville, mainiacjoe_overflow_concentric_impassable,
          uniq_grinder
D:7:      layout_basic, serial_shops, nicolae_diamond_shop
D:8:      layout_loops_corners, serial_ice, serial_ice_o, serial_ice_e,
          serial_ice_b, serial_ice_k, serial_ice_n, serial_ice_g
D:9:      minmay_the_grid_four_pointed_star
          [minmay_the_grid_triangle_9x9_fully_insulated_deathbox,
          minmay_the_grid_triangle_9x9_limited_checkers,
          minmay_the_grid_triangle_9x9_corrupted_corridor,
          minmay_the_grid_triangle_9x9_sprig, minmay_the_grid_prize_big_room],
          layout_loops_corners, minmay_lair_entry_grove, orc_0_dummy
D:10:     layout_long_grid, uniq_maggie
D:11:     layout_basic
D:12:     layout_rooms, serial_shops, kennysheep_mini_moat,
          nicolae_shop_advertising_works [nicolae_subvault_shop_adworks],
          nicolae_shop_bloodbath_and_beyond, nicolae_take_the_stairs,
          nicolae_shop_rolling_square, uniq_lodul
D:13:     layout_basic, ximxim_vaults_locker_room
D:14:     layout_basic, portal_ice_cave_entry_ice_statue_two, serial_bayou,
          serial_bayou_ford_a, serial_bayou_pond_d, serial_bayou_pond_c,
          serial_bayou_lagoon_a
D:15:     hangedman_depths_entry_civil_slaughter, layout_basic,
          serial_bayou_pond_b
Temple:   regret_index_temple_waves
Lair:1:   layout_roguey, grunt_megastairs_5, serial_bayou_shore_a
Lair:2:   layout_cave_pods, lemuel_fruit_tree, grunt_megastairs_4
Lair:3:   layout_regular_city, palyth_hydra_swamp_entry,
          guppyfry_snake_entry_garden, serial_rivers,
          chequers_serial_rivers_micro_e, chequers_serial_rivers_small_b,
          chequers_serial_rivers_micro_d, chequers_serial_rivers_micro_c,
          chequers_serial_rivers_micro_e, lemuel_fruit_fields
Lair:4:   layout_roguey, slime_entry_1, lemuel_another_geyser,
          grunt_megastairs_3, infiniplex_staircase_pool
Lair:5:   minmay_lair_end_enchanted_forest, layout_small_grid, uniq_kirke
Swamp:1:  layout_basic_swamp, nicolae_swamp_treefoil
Swamp:2:  layout_falls_marsh, evilmike_swamp_ruin_house_4, swamp_pool2
Swamp:3:  layout_basic_swamp, evilmike_swamp_ruin_house_2,
          infiniplex_staircase_pool_2
Swamp:4:  swamp_vile, layout_basic_swamp
Snake:1:  nicolae_snake_nest, layout_misc_corridors, minmay_shoptagon,
          serial_bayou_shore_b
Snake:2:  layout_misc_corridors, gammafunk_ghost_cemetery, minmay_shop_star,
          uniq_vashnia
Snake:3:  gammafunk_sealed_arena, layout_chambers, special_room, uniq_aizul
Snake:4:  snake_pit, layout_gridlike, serial_shops, shop, basic_altar
Orc:1:    layout_caves, serial_shops, nicolae_shop_tiny_waterfront,
          nicolae_orc_lost_temple
Orc:2:    st_orc_town, layout_diamond_mine, gauntlet_entry_generic, uniq_maurice

Skill      XL: |  1  2  3  4  5  6  7  8  9 10 11 12 13 14 15 16 17 18 19 |
---------------+----------------------------------------------------------+-----
Axes           | 3 4 5 6 7 9 11 12 13 16 18 | 18.0
Fighting       | 4 5 6 7 9 10 12 13 14 15 16 18 19 | 19.3
Shields        | 4 5 6 8 9 12 14 | 14.4
Armour         | 4 5 6 9 10 11 13 14 16 | 16.3
Invocations    | 2 3 6 9 10 11 12 13 15 16 17 | 17.5
Dodging        | 2 3 4 5 6 7 |  7.0
Evocations     | 2 4 |  4.6
Throwing       | 4 9 11 12 | 12.3

Action                     |  1- 3 |  4- 6 |  7- 9 | 10-12 | 13-15 | 16-18 | 19-21 || total
---------------------------+-------+-------+-------+-------+-------+-------+-------++-------
  Melee: War axe           |    41 |       |       |       |       |       |       ||    41
         Hand axe          |    35 |   115 |   226 |   830 |   353 |       |       ||  1559
         Dagger            |       |       |    44 |    34 |    82 |       |    20 ||   180
         Broad axe         |       |       |       |       |  1047 |  1232 |   521 ||  2800
  Throw: Dart              |       |       |     6 |    11 |     1 |     4 |       ||    22
         Boomerang         |       |       |       |       |     1 |    50 |    56 ||   107
         Javelin           |       |       |       |       |       |     3 |       ||     3
 Invoke: Heroism           |       |       |     2 |     5 |    17 |    13 |     5 ||    42
         Finesse           |       |       |       |       |       |     4 |       ||     4
  Evoke: Wand              |       |       |       |     1 |    23 |     6 |       ||    30
         Condenser vane    |       |       |       |       |       |     1 |     1 ||     2
    Use: Potion            |     1 |       |       |     2 |       |     2 |       ||     5
         Scroll            |       |       |    12 |     6 |    17 |     9 |     1 ||    45
   Stab: Petrified         |       |       |       |       |     2 |       |       ||     2
 Armour: Scale mail        |    13 |       |       |       |       |       |       ||    13
         Chain mail        |     6 |       |       |   374 |   602 |       |       ||   982
         Plate armour      |    22 |    55 |   138 |       |       |       |       ||   215
         Gold dragon scale |       |       |       |       |   160 |   554 |   395 ||  1109
  Dodge: Dodged            |    31 |    37 |    94 |   298 |   528 |   195 |    96 ||  1279
  Block: Buckler           |    13 |    23 |    53 |    86 |       |       |       ||   175
         Kite shield       |       |       |       |   201 |   302 |       |       ||   503
         Tower shield      |       |       |       |       |   868 |   983 |   439 ||  2290
